[Event "*** Qualifier 3: Titled Tuesday 3|2 Blitz"]
[Site "Chess.com"]
[Date "2017.04.18"]
[Round "6"]
[White "Indianlad"]
[Black "Izoria123"]
[Result "1-0"]
[WhiteElo "2735"]
[BlackElo "2649"]
[TimeControl "180+2"]
[EndTime "14:20:11 PDT"]
[Termination "Indianlad won on time"]

1. d4 Nf6 2. Nf3 g6 3. c4 Bg7 4.
g3 c5 5. Nc3 cxd4 6. Nxd4 O-O 7.
Bg2 Qc7 8. Qd3 Nc6 9. O-O Nxd4 10. Qxd4 d6 11. b3 Bd7 12. Bb2 Bc6 13. Rac1 Rfc8 14. Bh3 Bd7 15. Nd5 Qd8 16. Bxd7 Qxd7 17. Rfd1 Rc6 18.
Qd2 Nxd5 19. Bxg7 Kxg7 20. cxd5 Rxc1 21. Rxc1 Kg8 22. Qc3 a6 23. Qc7 Rd8 24. e4 f6 25.
Qxd7 Rxd7 26. Rc8+ Kf7 27. f4 e6 28. Rh8 Kg7 29. dxe6 Re7 30. Rd8 Rxe6 31. Rd7+ Kh6 32. Rxb7 Rxe4 33. Kf2 Rd4 34. a4 g5 35. fxg5+ Kxg5 36.
Rb6 Rd3 37. b4 Rb3 38. b5 axb5 39. Rxb5+ 1-0

[Event "*** Qualifier 3: Titled Tuesday 3|2 Blitz"]
[Site "Chess.com"]
[Date "2017.04.18"]
[Round "6"]
[White "Roachelley"]
[Black "Saitama_Hero"]
[Result "1-0"]
[WhiteElo "2150"]
[BlackElo "2164"]
[TimeControl "180+2"]
[EndTime "14:20:12 PDT"]
[Termination "Roachelley won by resignation"]

1. d4 Nf6 2. c4 g6 3. Nc3 d5 4.
Nf3 Bg7 5. Qb3 dxc4 6. Qxc4 O-O 7. e4 Be6 8. d5 Bc8 9. Be2 c6 10. O-O cxd5 11. exd5 Nbd7 12. Rd1 Nb6 13. Qb3 Bg4 14. Bf4 Nfd7 15. h3 Nc5 16. Qb5 Bxf3 17. Bxf3 Rc8 18. d6 e5 19. Be3 Ncd7 20. Bxb7 Rb8 21.
Bc6 Qc8 22. Rac1 a6 23. Bxd7 Nxd7 24. Qe2 Qb7 25. Nd5 Qxb2 26. Qxa6 f5 27. Qc6 f4 28.
Rc2 Qb7 29. Qxb7 Rxb7 30. Rc7 Rxc7 31. dxc7 fxe3 32. Ne7+ Kf7 33. c8=Q Rxc8 34. Nxc8 exf2+ 35. Kxf2 Nc5 36. Nd6+ Ke6 37. Kf3 Bf8 38. Ne4 Na4 39. Ng5+ Kf5 40. Nxh7 e4+ 41. Kg3 Be7 42. Rf1+ Ke6 43.
Nf8+ Kd5 44. Nxg6 Bd6+ 45. Kg4 Nc3 46. h4 e3 47. Nf4+ Ke4 48. g3 Nxa2 49. h5 Nc3 50.
h6 Bxf4 51. Rxf4+ Kd3 52. Rf3 1-0

[Event "*** Qualifier 3: Titled Tuesday 3|2 Blitz"]
[Site "Chess.com"]
[Date "2017.04.18"]
[Round "6"]
[White "yurisolo"]
[Black "Marcus_Harvey"]
[Result "0-1"]
[WhiteElo "2458"]
[BlackElo "2525"]
[TimeControl "180+2"]
[EndTime "14:20:20 PDT"]
[Termination "Marcus_Harvey won by resignation"]

1. e4 e6 2. d4 d5 3. Nc3 Nf6 4. e5 Nfd7 5. f4 c5 6. Nf3 Nc6 7. Be3 a6 8. Qd2 Qb6 9. Na4 Qb4 10. Qxb4 Nxb4 11. Kd2 b6 12. c3 Nc6 13. b3 Bb7 14.
Nb2 Rc8 15. Be2 Be7 16. Rhc1 O-O 17. Rc2 Rc7 18. Nd3 Rfc8 19. Rac1 cxd4 20. Nxd4 Ba3 21.
Rf1 Nxd4 22. Bxd4 Nc5 23. Nf2 b5 24. b4 Bxb4 25. Rb1 Ba3 26. g4 Na4 27. f5 Bc5 28. Rbc1 Be7 29. Nh3 Ba3 30. Rb1 Bc5 31. Rbc1 Nb6 32.
Nf4 exf5 33. gxf5 Nc4+ 34. Bxc4 dxc4 35. Ke3 Re8 36. e6 Bc8 37. Bxc5 Rxc5 38. Kd4 Rxf5 39.
exf7+ Kxf7 40. Rf2 Bb7 41. Nd5 Rxf2 0-1

[Event "*** Qualifier 3: Titled Tuesday 3|2 Blitz"]
[Site "Chess.com"]
[Date "2017.04.18"]
[Round "6"]
[White "Lupul_Cenusiu"]
[Black "daro94"]
[Result "0-1"]
[WhiteElo "2459"]
[BlackElo "2743"]
[TimeControl "180+2"]
[EndTime "14:20:35 PDT"]
[Termination "daro94 won by resignation"]

1. d4 Nf6 2. Bg5 g6 3. Nd2 Bg7 4.
Ngf3 d6 5. e3 O-O 6. c3 Nc6 7.
h3 e5 8. Bb5 h6 9. Bh4 g5 10.
Bg3 e4 11. Nh2 Ne7 12. h4 Nf5 13. hxg5 hxg5 14. Nhf1 Bd7 15. Bc4 Qe7 16. Qe2 a6 17. Bb3 b5 18. Bc2 Rfe8 19. O-O-O a5 20. Re1 b4 21. c4 c5 22. d5 a4 23. Bb1 a3 24.
b3 Nxg3 25. Nxg3 Bg4 26. f3 exf3 27. gxf3 Qe5 28. Reg1 Bd7 29. Ngf1 Bf5 30. Bxf5 Qxf5 31. Ng3 Qe5 32. Qd3 Qb2+ 33. Kd1 Qxa2 34. Nf5 Qb2 35.
Rxg5 Qa1+ 36. Nb1 Ne4 37. Nxg7 Nxg5 38. Nxe8 a2 39. Ke2 axb1=Q 40. Rxb1 Qa2+ 41. Kf1 Rxe8 42. Re1 Nxf3 43. Re2 Qa1+ 44. Kf2 Ne5 45. Qf5 Ng6 46. Qd7 Qe5 47. Ke1 Re7 48. Qd8+ Kg7 49. Kd1 Qa1+ 50. Kd2 Qc3+ 51. Kd1 Qxb3+ 52. Kd2 Qc3+ 53.
Kd1 Ra7 54. Rd2 Qxe3 55. Qxd6 Ra1+ 0-1

[Event "*** Qualifier 3: Titled Tuesday 3|2 Blitz"]
[Site "Chess.com"]
[Date "2017.04.18"]
[Round "6"]
[White "grzechu96"]
[Black "GMMarcinDziuba"]
[Result "0-1"]
[WhiteElo "2387"]
[BlackElo "2537"]
[TimeControl "180+2"]
[EndTime "14:20:36 PDT"]
[Termination "GMMarcinDziuba won by resignation"]

1. e4 c6 2. d4 d5 3. Nc3 dxe4 4.
Nxe4 Bf5 5. Ng3 Bg6 6. h4 h6 7. Nf3 Nd7 8. h5 Bh7 9. Bd3 Bxd3 10. Qxd3 e6 11. Bd2 Ngf6 12. O-O-O Be7 13. Kb1 c5 14. d5 Nxd5 15. Nf5 O-O 16. Nxh6+ gxh6 17. c4 Nb4 18. Bxb4 cxb4 19. Qxd7 Qxd7 20. Rxd7 Bc5 21. Rxb7 a5 22. Ne5 Bxf2 23. Rf1 Ra7 24. Rxa7 Bxa7 25. c5 f5 26. c6 Bb8 27. Nd7 Rc8 28. Rc1 Bc7 29. Nc5 Kf7 30. Nb7 Kf6 31. Rc4 e5 32. Nc5 e4 33. g4 fxg4 34. Nxe4+ Kf5 35. Nd2 Bf4 36. Rc5+ Ke6 37. Ne4 g3 38. Rc1 Kf5 39. Nxg3+ Bxg3 40. Rc5+ Kg4 41. Rxa5 Rxc6 42. Rb5 Bd6 43.
a4 bxa3 44. bxa3 Bxa3 45. Ka2 Be7 46. Kb3 Bg5 47. Rb4+ Kxh5 48. Rc4 Rxc4 49. Kxc4 Kg4 50. Kd3 Kg3 51. Ke2 Kg2 0-1

[Event "*** Qualifier 3: Titled Tuesday 3|2 Blitz"]
[Site "Chess.com"]
[Date "2017.04.18"]
[Round "6"]
[White "Konavets"]
[Black "Rodalquilar"]
[Result "0-1"]
[WhiteElo "2591"]
[BlackElo "2547"]
[TimeControl "180+2"]
[EndTime "14:20:38 PDT"]
[Termination "Rodalquilar won by checkmate"]

1. e4 e5 2. Nf3 Nc6 3. Bb5 a6 4.
O-O axb5 5. d4 exd4 6. Nxd4 Nxd4 7. Qxd4 d6 8. Nc3 c6 9. Bf4 Be6 10. Rad1 Nf6 11. a3 Be7 12. h3 O-O 13. Bg5 h6 14. Bh4 Nd7 15. Bg3 Qb6 16. Qd2 Ne5 17. Kh1 Nc4 18.
Qc1 Bf6 19. Rd3 Rfd8 20. f4 b4 21. axb4 Qxb4 22. e5 dxe5 23. Ne4 Be7 24. Rb3 Qa5 25. Rxb7 Ra7 26. Rb3 Nd2 27. Re3 Nxe4 28. Rxe4 Qd2 29. Rxe5 Qxc1 30. Rxc1 Bf6 31. Rc5 Bxb2 32. Rb1 Bd4 33.
Rd1 Bxc5 34. Rxd8+ Kh7 35. Bh4 Ra1+ 36. Kh2 Bg1+ 37. Kh1 Bf2+ 38. Kh2 Bxh4 39. Rd6 Bf2 40. Rxc6 Bg1+ 41. Kg3 Ra3+ 42. c3 Bd4 43. Kh2 Rxc3 44.
Rd6 Be3 45. Rd8 Bxf4+ 46. Kg1 Bg3 47. Rd1 Rc2 48. h4 Bd5 49. h5 Rxg2+ 50. Kf1 Rf2+ 51. Kg1 Rf5 52. Rb1 Bf2+ 53. Kf1 Bd4+ 54. Ke2 Be4 55. Rb8 Rf2+ 56. Ke1 Rh2 57. Re8 Bf3 58. Kf1 Rh1# 0-1

[Event "*** Qualifier 3: Titled Tuesday 3|2 Blitz"]
[Site "Chess.com"]
[Date "2017.04.18"]
[Round "6"]
[White "GMSAGOR"]
[Black "MITerryble"]
[Result "0-1"]
[WhiteElo "2086"]
[BlackElo "2649"]
[TimeControl "180+2"]
[EndTime "14:20:41 PDT"]
[Termination "MITerryble won by resignation"]

1. e4 e6 2. d4 d5 3. Nd2 Be7 4. Bd3 c5 5. Ngf3 Nf6 6. dxc5 dxe4 7.
Nxe4 Nxe4 8. Bxe4 Qxd1+ 9. Kxd1 Bxc5 10. Ke2 Nd7 11. c4 Ke7 12. a3 a5 13. b3 Rd8 14.
Bb2 Nf6 15. Bc2 b6 16. h3 Bb7 17. Rhd1 Ne4 18. Bxe4 Bxe4 19. Bxg7 Rg8 20. Bd4 Rxg2 21.
Bxc5+ bxc5 22. Ne5 f6 23. Nd3 Rc8 24. Ke3 Bf5 25. Rg1 Rxg1 26. Rxg1 Kf7 27. h4 e5 28. Rc1 Kg6 29. b4 cxb4 30. axb4 Rd8 31. Nb2 axb4 32. c5 b3 33. Rc3 Be6 34. c6 Kf7 35. Nd3 Rc8 36. Kd2 Ke7 37. Nc5 Rxc6 38. Nxb3 Rxc3 39. Kxc3 Bxb3 40. Kxb3 Ke6 41. Kc3 Kf5 42. Kd3 Kf4 43. h5 h6 0-1

[Event "*** Qualifier 3: Titled Tuesday 3|2 Blitz"]
[Site "Chess.com"]
[Date "2017.04.18"]
[Round "6"]
[White "SabinaFoisor"]
[Black "Malev212"]
[Result "1/2-1/2"]
[WhiteElo "2247"]
[BlackElo "2433"]
[TimeControl "180+2"]
[EndTime "14:20:50 PDT"]
[Termination "Game drawn by repetition"]

1. d4 d5 2. c4 e6 3. Nc3 a6 4. Nf3 Be7 5. cxd5 exd5 6. Bf4 Nf6 7.
e3 O-O 8. Bd3 Nh5 9. Be5 Nc6 10.
O-O g6 11. Rc1 Nxe5 12. Nxe5 c6 13. a3 Bd6 14. f4 Qe7 15. Qd2 Ng7 16. Rce1 f6 17.
Nf3 Qc7 18. Rc1 Qb8 19. Na4 Bc7 20. Nc5 Re8 21. b4 b6 22. Nb3 Bd7 23. a4 Qd8 24.
a5 bxa5 25. bxa5 Rb8 26. Rb1 Bc8 27. Rfc1 Qd6 28. Nc5 Rxb1 29. Rxb1 Nf5 30. Bxf5 Bxf5 31. Rb7 Bc8 32. Rb3 g5 33. fxg5 fxg5 34. Nd3 Bf5 35. Nde5 g4 36. Nh4 Be4 37. Qe2 h5 38. Rb7 Rxe5 39.
dxe5 Qxe5 40. g3 Bxa5 41. Qxa6 Qa1+ 42. Qf1 Qxf1+ 43. Kxf1 c5 44. Ng2 Bd2 45. Ke2 Bc1 46. Nf4 c4 47. Rc7 Bf3+ 48. Kf2 Bd2 49. Nxh5 c3 50.
Nf6+ Kf8 51. Rd7 c2 52. Nh7+ Ke8 53. Nf6+ Kf8 54. Nh7+ Ke8 55. Nf6+ Kf8 56. Nh7+ 1/2-1/2

[Event "*** Qualifier 3: Titled Tuesday 3|2 Blitz"]
[Site "Chess.com"]
[Date "2017.04.18"]
[Round "6"]
[White "Cayse"]
[Black "rasmussvane"]
[Result "1-0"]
[WhiteElo "2641"]
[BlackElo "2529"]
[TimeControl "180+2"]
[EndTime "14:20:51 PDT"]
[Termination "Cayse won by resignation"]

1. e4 c6 2. d4 d5 3. e5 Bf5 4.
Nf3 e6 5. Be2 Ne7 6. O-O Bg6 7. a4 c5 8. dxc5 Nec6 9. Be3 Nd7 10. Bb5 Bxc5 11. Bxc5 Nxc5 12. Nd4 Qc7 13. Bxc6+ bxc6 14. Re1 O-O 15. Nd2 Rab8 16. b3 Nd7 17. N2f3 a6 18. Nh4 Nxe5 19. Qe2 Nd7 20. Nxg6 hxg6 21. Qxa6 Rfc8 22. Qe2 e5 23. Nf3 Re8 24. Rad1 e4 25.
Nd4 Nf6 26. h3 c5 27. Nb5 Qc6 28. c3 g5 29. Qd2 Re5 30. b4 Ra8 31. Ra1 Rf5 32.
bxc5 Qxc5 33. Nd4 Re5 34. a5 Ra6 35. Qe2 Qc4 36. Ra3 Qxe2 37. Rxe2 Re8 38. Rb2 Rea8 39. Rb5 g4 40. hxg4 Nxg4 41. Rxd5 Rb8 42. Rb3 Rxb3 43. Nxb3 Rc6 44. Nc5 e3 45. fxe3 Nxe3 46. Rd8+ Kh7 47. a6 Nc4 48. a7 Nb6 49. Nd7 1-0

[Event "*** Qualifier 3: Titled Tuesday 3|2 Blitz"]
[Site "Chess.com"]
[Date "2017.04.18"]
[Round "6"]
[White "DavidMarkosyan"]
[Black "Bugcrusher"]
[Result "1-0"]
[WhiteElo "2346"]
[BlackElo "2495"]
[TimeControl "180+2"]
[EndTime "14:20:58 PDT"]
[Termination "DavidMarkosyan won by resignation"]

1. e4 e6 2. d3 d5 3. Nd2 Nf6 4.
Ngf3 Nc6 5. Be2 Bc5 6. O-O O-O 7.
c3 dxe4 8. dxe4 e5 9. b4 Bd6 10. a4 Qe7 11. Qc2 Bg4 12. Nc4 Rac8 13. b5 Nb8 14.
Bg5 h6 15. Bh4 Nbd7 16. Ne3 Be6 17. Bc4 Nb6 18. Bxe6 Qxe6 19. Bxf6 Qxf6 20. a5 Nd7 21. a6 b6 22. Nd5 Qe6 23. Rad1 Nc5 24. Qe2 c6 25.
bxc6 Rxc6 26. Nh4 g6 27. g3 Be7 28. Ng2 Bd8 29. Rfe1 Qc8 30. Nb4 Rc7 31. f3 Ne6 32. Nd5 Rc5 33. Nge3 Nc7 34. Nxc7 Qxc7 35. Nd5 Qc8 36.
Qe3 Kg7 37. Qd3 Ra5 38. Ra1 Rxa1 39. Rxa1 Qc5+ 40. Kg2 Bg5 41. h4 Bf6 42. h5 Rc8 43.
Rb1 Qc4 44. Qxc4 Rxc4 45. hxg6 fxg6 46. Ra1 Rc6 47. Kf2 Kf7 48. Ke2 h5 49. Kd3 Be7 50. Rf1 Rc5 51. Ra1 Bd8 52. c4 g5 53. Nc3 h4 54. gxh4 gxh4 55. Nb5 Rc8 56. Nxa7 Ra8 57. Nb5 h3 58. a7 Be7 59. Rh1 1-0

[Event "*** Qualifier 3: Titled Tuesday 3|2 Blitz"]
[Site "Chess.com"]
[Date "2017.04.18"]
[Round "6"]
[White "hsskoo"]
[Black "FearNoEvil12"]
[Result "0-1"]
[WhiteElo "1945"]
[BlackElo "2115"]
[TimeControl "180+2"]
[EndTime "14:21:03 PDT"]
[Termination "FearNoEvil12 won on time"]

1. d4 b5 2. e4 a6 3. a4 b4 4.
Nf3 Bb7 5. Nbd2 e6 6. Bd3 Nf6 7. O-O d6 8. Re1 Nbd7 9. Nf1 h6 10. Ng3 g5 11. d5 e5 12. Nf5 Bc8 13. c4 Nc5 14.
Be3 Nxd3 15. Qxd3 Bxf5 16. exf5 Be7 17. Nd2 Qd7 18. c5 dxc5 19. Nc4 Bd6 20. f4 e4 21. Qd2 O-O-O 22. Qe2 Qxf5 23. Ne5 Kb7 24. Nxf7 gxf4 25. Nxd8+ Rxd8 26. Rf1 Nxd5 27. Rad1 Rg8 28. g3 f3 29. Qf2 Nxe3 30. Qxe3 Bxg3 31. Qb3 Bxh2+ 32. Kh1 Rg2 33. Qd5+ Qxd5 34. Rxd5 Bd6 35. Re1 Re2 36. Rf1 Rxb2 37. Rdd1 Rh2+ 38. Kg1 Rg2+ 39. Kh1 Bg3 0-1

[Event "*** Qualifier 3: Titled Tuesday 3|2 Blitz"]
[Site "Chess.com"]
[Date "2017.04.18"]
[Round "6"]
[White "Vamostodorecto"]
[Black "WanderingPuppet"]
[Result "1-0"]
[WhiteElo "2376"]
[BlackElo "2296"]
[TimeControl "180+2"]
[EndTime "14:21:06 PDT"]
[Termination "Vamostodorecto won on time"]

1. d4 Nc6 2. c4 e5 3. d5 Nce7 4. Nc3 Nf6 5. e4 Ng6 6. h4 h5 7. Bg5 Bb4 8. Be2 Bxc3+ 9. bxc3 Qe7 10. Bxh5 Qa3 11. Bxg6 fxg6 12. Bxf6 Qxc3+ 13. Kf1 Qxc4+ 14. Ne2 gxf6 15. f3 b6 16. Rc1 Qxa2 17. Rxc7 Ba6 18.
Rc2 Qa3 19. Kf2 Kf7 20. Rc7 Qd6 21. Qc2 Rac8 22. Rc1 Ke7 23. Ng3 Rxc7 24. Qxc7 Rc8 25. Qxd6+ Kxd6 26. Ra1 Bd3 27. Rxa7 Rh8 28. h5 gxh5 29.
Nf5+ Kc5 30. Rc7+ Kb4 31. Rxd7 h4 32. Rd6 b5 33. Rxf6 h3 34. gxh3 Rxh3 35. Ke3 Bc4 36.
Re6 Rh1 37. Rxe5 Kc3 38. Re8 b4 39. d6 b3 40. d7 b2 41. d8=Q Re1+ 42. Kf4 b1=Q 43.
Qf6+ Kc2 44. Ne3+ Rxe3 45. Kxe3 Qc1+ 46. Kf2 Qd2+ 47. Kg3 Qe1+ 48. Kf4 Qd2+ 49. Ke5 Qc3+ 50. Kf5 Qxf3+ 51. Kg6 Qg4+ 52. Kh6 Qh3+ 53. Kg7 Qg4+ 54.
Kf8 Qh5 55. e5 Qh7 56. e6 1-0

[Event "*** Qualifier 3: Titled Tuesday 3|2 Blitz"]
[Site "Chess.com"]
[Date "2017.04.18"]
[Round "6"]
[White "johnathan113"]
[Black "Yaacovn"]
[Result "0-1"]
[WhiteElo "2470"]
[BlackElo "2605"]
[TimeControl "180+2"]
[EndTime "14:21:09 PDT"]
[Termination "Yaacovn won on time"]

1. e4 c6 2. d4 d5 3. exd5 cxd5 4. Nc3 Nf6 5. Bf4 a6 6. Nf3 Bg4 7. h3 Bxf3 8. Qxf3 Nc6 9. O-O-O e6 10. g4 Qa5 11. Kb1 Bb4 12. Ne2 Ne4 13. c3 Bd6 14. Ng3 Bxf4 15. Qxf4 Nxg3 16. fxg3 Rc8 17. h4 Qc7 18.
Qf3 b5 19. h5 h6 20. Re1 Qe7 21. Bd3 Rb8 22. Qf4 O-O 23. Bc2 b4 24. c4 Qf6 25. Qxf6 gxf6 26. cxd5 Nxd4 27. dxe6 fxe6 28. Re4 e5 29. Rf1 Kg7 30. Bd3 a5 31. Ree1 Rfd8 32.
Rc1 Rbc8 33. Be4 Ne2 34. Rxc8 Rxc8 35. Rd1 Nd4 36. Bf5 Rc7 37. Be4 Kf7 38. Bf5 Ke7 39. Re1 a4 40. Bg6 Ke6 41. Be8 a3 42. Ba4 axb2 43. Kxb2 Rc3 44. Rg1 e4 45. Re1 Kd5 46.
Bb3+ Ke5 47. Rg1 e3 48. Re1 Ke4 49. Bg8 e2 50. Bb3 Ke3 51. Rc1 Rxc1 0-1

[Event "*** Qualifier 3: Titled Tuesday 3|2 Blitz"]
[Site "Chess.com"]
[Date "2017.04.18"]
[Round "6"]
[White "ABDELAZEEZ-M"]
[Black "MyleneFarmer"]
[Result "0-1"]
[WhiteElo "2122"]
[BlackElo "2338"]
[TimeControl "180+2"]
[EndTime "14:21:09 PDT"]
[Termination "MyleneFarmer won by checkmate"]

1. d4 Nf6 2. c4 c5 3. d5 b5 4.
cxb5 a6 5. b6 e6 6. Nc3 exd5 7.
Nxd5 Nxd5 8. Qxd5 Nc6 9. Nf3 Rb8 10. e4 Be7 11. a3 O-O 12. Bd3 Rxb6 13. O-O Bb7 14.
Qh5 Nd4 15. Nxd4 cxd4 16. e5 g6 17. Qh6 d6 18. f4 dxe5 19. fxe5 Qd5 20. Rf2 Qxe5 21.
Bf4 Qd5 22. Raf1 Bf6 23. Bc7 Re6 24. Qd2 Be5 25. Bxe5 Qxe5 26. Bc4 Bd5 27. Bxd5 Qxd5 28. Rf4 d3 29. R4f3 Rd6 30. Rh3 f5 31. Rd1 Rfd8 32. Re3 Qd4 33. Kh1 R8d7 34. Rde1 Kg7 35. Rh3 h5 36.
Rhe3 Qf6 37. Re8 f4 38. Rf1 g5 39.
Rfe1 f3 40. R8e5 Kg6 41. gxf3 Qxf3+ 42. Kg1 Rd4 43. Re6+ Kh7 44. Re7+ Rxe7 45. Rxe7+ Kg6 46. h3 Qxh3 47. Qa5 Rg4+ 48. Kf2 Qg2+ 49. Ke3 Qe2# 0-1

[Event "*** Qualifier 3: Titled Tuesday 3|2 Blitz"]
[Site "Chess.com"]
[Date "2017.04.18"]
[Round "6"]
[White "rithwik2002"]
[Black "Enzy63"]
[Result "1-0"]
[WhiteElo "1806"]
[BlackElo "2033"]
[TimeControl "180+2"]
[EndTime "14:21:14 PDT"]
[Termination "rithwik2002 won on time"]

1. d4 Nf6 2. Bf4 c5 3. e3 g6 4. Nc3 Bg7 5. h4 Qa5 6. Nf3 Nc6 7. Qd2 d6 8. d5 Nb4 9. Bb5+ Bd7 10. Bxd7+ Nxd7 11. O-O Nf6 12. a3 Na6 13. e4 Ng4 14. Rfe1 Bxc3 15.
bxc3 f6 16. Nh2 Nxh2 17. Bxh2 Nc7 18. Rab1 O-O-O 19. Red1 Nb5 20. c4 Qxd2 21. Rxd2 Nc3 22. Rb3 Na4 23. f3 h6 24. Kf1 g5 25. Bg3 Nb6 26.
Rd1 Kc7 27. Rdb1 Rb8 28. Rc3 Nd7 29. Ke2 Ne5 30. Bxe5 fxe5 31. hxg5 hxg5 32. Kf2 Rh4 33. Re3 Rbh8 34. Ree1 g4 35. Rg1 gxf3 36. gxf3 Rh2+ 37. Rg2 Rxg2+ 38. Kxg2 Rg8+ 39. Kf2 Rg7 40. Rh1 b6 41. Rh5 Rf7 42. Rh4 1-0

[Event "*** Qualifier 3: Titled Tuesday 3|2 Blitz"]
[Site "Chess.com"]
[Date "2017.04.18"]
[Round "6"]
[White "SwiftyMcBishop"]
[Black "Sebastian"]
[Result "1/2-1/2"]
[WhiteElo "2321"]
[BlackElo "2656"]
[TimeControl "180+2"]
[EndTime "14:21:26 PDT"]
[Termination "Game drawn by agreement"]

1. e4 c5 2. Nf3 d6 3. c3 Nf6 4. h3 Nc6 5. Bd3 d5 6. e5 Nd7 7. Bb5 Qb6 8. Ba4 c4 9. O-O Nc5 10. Bc2 Nd3 11. b3 Ndxe5 12. Nxe5 Nxe5 13. bxc4 dxc4 14. Qe2 Nd3 15. Bxd3 cxd3 16. Qxd3 e6 17. Ba3 Bxa3 18. Nxa3 O-O 19. Rab1 Qc5 20. Nc2 b6 21.
Nd4 Bb7 22. Qg3 Bd5 23. a4 h6 24. Rfe1 Rac8 25. Nb5 Qe7 26. a5 bxa5 27. Nd6 Rcd8 28. Nf5 Qf6 29. Nd4 Rfe8 30. Ra1 e5 31. Rxa5 Bxg2 32.
Rexe5 Rxe5 33. Qxe5 Qxe5 34. Rxe5 Bxh3 35. Ra5 Rd7 36. f4 g6 37. Kf2 Kg7 38. Nf3 Bg4 39. d4 Rc7 40. Ne5 Be6 41. d5 Bf5 42. c4 f6 43. d6 Rb7 44. Nc6 Bd7 45. Rxa7 Rxa7 46. Nxa7 Kf7 47. c5 Ke6 48. c6 Kxd6 49. cxd7 Kxd7 50. Nb5 Ke6 51. Nd4+ Kd5 52. Ke3 h5 53. Nf3 Ke6 54. Nh4 g5 55. fxg5 fxg5 56. Nf3 g4 57. Kf2 Kf5 58. Kg3 gxf3 59. Kxf3 1/2-1/2

[Event "*** Qualifier 3: Titled Tuesday 3|2 Blitz"]
[Site "Chess.com"]
[Date "2017.04.18"]
[Round "6"]
[White "fastestmindalive"]
[Black "TenisMaster"]
[Result "0-1"]
[WhiteElo "2435"]
[BlackElo "2678"]
[TimeControl "180+2"]
[EndTime "14:21:33 PDT"]
[Termination "TenisMaster won by resignation"]

1. e4 e5 2. Nf3 Nc6 3. Bb5 a6 4. Ba4 Nf6 5. O-O b5 6. Bb3 Bc5 7. c3 d6 8. d4 Bb6 9. h3 h6 10. Bc2 O-O 11. a4 Bb7 12. Na3 exd4 13. cxd4 Nb4 14. d5 c6 15. dxc6 Bxc6 16. Re1 Nxc2 17.
Qxc2 Rc8 18. Qd3 b4 19. Nc2 a5 20. Ncd4 Ba8 21. Nf5 Bc5 22. Bf4 Re8 23. Nd2 Nh5 24. Be3 Bxe3 25. Rxe3 Qf6 26. Rb1 d5 27. e5 Rxe5 28.
Rxe5 Qxe5 29. Nf3 Qf6 30. N3d4 Nf4 31. Qf3 Ne6 32. Qd3 Nxd4 33. Nxd4 Bb7 34. Re1 Ba6 35.
Qe3 g6 36. b3 Kg7 37. Qe5 Qxe5 38. Rxe5 Rc1+ 39. Kh2 Rd1 40. Rxd5 Bb7 41. Rd7 Kf6 42.
Rd6+ Ke5 43. Rd7 Rxd4 44. Rxb7 Rd3 45. Rb5+ Kd4 46. Rxa5 Rxb3 47. Ra7 Ra3 48. Rxf7 b3 49. Rf3 Kc4 50. Rf4+ Kc3 51. Rf3+ Kc2 52. Rg3 g5 53. h4 gxh4 54. Rg6 b2 55. Rc6+ Rc3 56. Rb6 Rb3 57. Rc6+ Kd2 58. Rxh6 b1=Q 59. Rxh4 Ke2 60. f3 Kf2 61. Re4 Qg1+ 0-1

[Event "*** Qualifier 3: Titled Tuesday 3|2 Blitz"]
[Site "Chess.com"]
[Date "2017.04.18"]
[Round "6"]
[White "Paralinch"]
[Black "ChessQueen"]
[Result "0-1"]
[WhiteElo "2666"]
[BlackElo "2637"]
[TimeControl "180+2"]
[EndTime "14:21:34 PDT"]
[Termination "ChessQueen won by resignation"]

1. e4 c5 2. Nf3 Nc6 3. d4 cxd4 4.
Nxd4 Nf6 5. Nc3 d6 6. Be2 e5 7.
Nf3 h6 8. O-O Be7 9. Re1 O-O 10.
Bf1 Bg4 11. h3 Bxf3 12. Qxf3 Nd4 13. Qd1 Rc8 14. Be3 Rxc3 15. bxc3 Nc6 16. Bc4 Nxe4 17. Bxh6 Ng5 18. Bxg5 Bxg5 19. Qg4 Bd2 20. Red1 Bxc3 21. Rab1 Bd4 22. c3 Bb6 23. Bd5 Qf6 24. Qf3 Qxf3 25. Bxf3 Rd8 26. a4 Kf8 27. Rb5 Ke7 28. g4 Na5 29.
Kg2 Rc8 30. Rbd5 Bc5 31. g5 b6 32. Be2 Ba3 33. R1d3 Nb7 34. Bd1 Nc5 35. Rf3 Ne6 36. Kf1 Nxg5 37. Rg3 Ne6 38. Bg4 g6 39. a5 Bc5 40. axb6 Bxb6 41. Rb5 f5 42. Bd1 Nf4 43.
Bb3 Rh8 44. Rb4 Kf6 45. Ra4 Nxh3 46. Rd3 Bc5 47. Ra6 Nf4 48. Rg3 Rh1+ 49. Rg1 Rh2 50. Ra2 g5 51. Rg3 g4 52. Rd2 Rh1+ 53. Rg1 Rh3 54. Rg3 Rh1+ 55. Rg1 Rh2 56. Rg3 e4 57.
Rc2 Ke5 58. Ba4 Nd3 59. Rg2 Rxg2 60. Kxg2 Ne1+ 61. Kf1 Nxc2 62. Bxc2 f4 63. Ke2 f3+ 64. Kf1 e3 0-1

[Event "*** Qualifier 3: Titled Tuesday 3|2 Blitz"]
[Site "Chess.com"]
[Date "2017.04.18"]
[Round "6"]
[White "maciek_92"]
[Black "tigra"]
[Result "1-0"]
[WhiteElo "2546"]
[BlackElo "2603"]
[TimeControl "180+2"]
[EndTime "14:21:35 PDT"]
[Termination "maciek_92 won by resignation"]

1. c4 e5 2. Nc3 Nf6 3. g3 d5 4.
cxd5 Nxd5 5. Bg2 Nb6 6. e3 Nc6 7. Nge2 Bd6 8. O-O O-O 9. d4 exd4 10. Nxd4 Nxd4 11. Qxd4 Qe7 12. e4 Be5 13. Qd3 Rd8 14.
Qc2 h5 15. f4 Bd4+ 16. Kh1 h4 17.
f5 hxg3 18. hxg3 c6 19. Bf4 g5 20. Bd2 Kg7 21. Bf3 Nc4 22. Rad1 Be5 23. Be2 Nxd2 24. Rxd2 Rxd2 25. Qxd2 Bd7 26. Kg2 Rh8 27. Nd1 Rd8 28.
Ne3 f6 29. Rd1 Bc7 30. Bf3 Be8 31. Qc3 Rxd1 32. Nxd1 Bf7 33. a3 Qd6 34. Be2 Qe5 35.
Qe3 b5 36. b3 a5 37. a4 bxa4 38. bxa4 c5 39. Nf2 c4 40. Ng4 Qb2 41. Kh3 Qb4 42. e5 Bd8 43. e6 Be8 44. Qa7+ Qe7 45. Qd4 Bxa4 46. Bxc4 Be8 47. Ne3 a4 48. Nd5 Qd6 49. Qa7+ Kf8 50. Qh7 g4+ 51. Kh4 Qxe6 52. fxe6 f5+ 53.
e7+ 1-0

[Event "*** Qualifier 3: Titled Tuesday 3|2 Blitz"]
[Site "Chess.com"]
[Date "2017.04.18"]
[Round "6"]
[White "Grebeniuk-S"]
[Black "RaphaeI"]
[Result "0-1"]
[WhiteElo "2406"]
[BlackElo "2406"]
[TimeControl "180+2"]
[EndTime "14:21:44 PDT"]
[Termination "RaphaeI won by resignation"]

1. d4 Nf6 2. Nf3 e6 3. e3 d5 4.
Bd3 Bd6 5. O-O O-O 6. b3 b6 7. Bb2 Bb7 8. Nbd2 c5 9. Qe2 Nc6 10. a3 Rc8 11. Rfd1 Qc7 12. dxc5 bxc5 13. e4 Ne5 14. Nxe5 Bxe5 15. Bxe5 Qxe5 16. Nf3 Qh5 17.
e5 Ne4 18. Re1 Nc3 19. Qd2 d4 20. Qf4 Bxf3 21. Qxf3 Qxf3 22. gxf3 g6 23. Kg2 a5 24.
a4 h5 25. Kg3 Kg7 26. h4 Rb8 27. Bc4 Rb4 28. Bd3 Rd8 29. f4 Kf8 30. Kf3 Ke7 31.
Rg1 Nd5 32. Rad1 Nb6 33. Bb5 c4 34. bxc4 Nxc4 35. Rd3 Nb6 36. Rgd1 Nxa4 37. Bxa4 Rxa4 38. c3 Ra3 39. cxd4 Rxd3+ 40. Rxd3 a4 41. Ke4 Ra8 42. Ra3 Ra5 43. Kd3 Kd7 44. Kc4 Kc6 45. Kb4 Ra8 46.
Kc4 Ra7 47. f3 Ra6 48. Kb4 Kd5 49. Kc3 Rc6+ 50. Kd3 Rc4 51. Ke3 Rb4 52. Kf2 Kxd4 53. Ra1 Kc3 54. Rc1+ Kb2 55. Rc7 a3 56. Rxf7 a2 57.
Ra7 a1=Q 58. Rxa1 Kxa1 59. Ke3 Kb2 60. f5 gxf5 61. f4 Re4+ 62. Kf3 0-1

[Event "*** Qualifier 3: Titled Tuesday 3|2 Blitz"]
[Site "Chess.com"]
[Date "2017.04.18"]
[Round "6"]
[White "Abrito99"]
[Black "roldieyi"]
[Result "1-0"]
[WhiteElo "2341"]
[BlackElo "2231"]
[TimeControl "180+2"]
[EndTime "14:22:00 PDT"]
[Termination "Abrito99 won on time"]

1. e4 c6 2. Nc3 d5 3. Nf3 dxe4 4.
Nxe4 Nf6 5. Nxf6+ exf6 6. d4 Bd6 7. Bd3 O-O 8. O-O Re8 9. h3 Nd7 10. c4 Nf8 11. Be3 g5 12. d5 c5 13. Re1 Ng6 14. Nd2 Ne5 15. Bc2 g4 16. Bh6 Kh8 17. Ne4 gxh3 18. Nxd6 h2+ 19. Kh1 Qxd6 20. f4 Bg4 21. fxe5 fxe5 22. Bg7+ Kxg7 23. Qxg4+ Kh8 24. Qh5 f5 25.
Qxf5 Re7 26. Rf1 Rg7 27. Rae1 e4 28. Rxe4 Qg3 29. Qf3 Qg5 30. Rf4 Rag8 31. Rf7 Qd2 32. Rxg7 Rxg7 33. Be4 b6 34. d6 Qxd6 35. Qf8+ Qxf8 36.
Rxf8+ Rg8 37. Rxg8+ Kxg8 38. Kxh2 h6 39. Kg3 Kg7 40. Kf4 Kf6 41. Bf5 a5 42. a4 h5 43. g3 Ke7 44. Kg5 Kd6 45. Kf6 1-0